 Dungeon Crawl Stone Soup version 0.31-a0-971-g75a2e9a4b4 (webtiles) character file.

Game seed: 2435635703434783728

1108 Arzdou the Carver (level 8, -2/62 HPs)
             Began as a Merfolk Monk on Oct 28, 2023.
             Was a Believer of the Shining One.
             Slain by a water moccasin (4 damage)
             ... on level 6 of the Dungeon.
             The game lasted 00:07:01 (4953 turns).

Arzdou the Carver (Merfolk Monk)                    Turns: 4953, Time: 00:07:02

Health: -2/62      AC:  5    Str: 12    XL:     8   Next: 33%
Magic:  8/8        EV: 12    Int:  9    God:    the Shining One [**....]
Gold:   229        SH:  0    Dex: 18    Spells: 7/7 levels left

rFire   . . .        k - +5 falchion
rCold   + . .        q - +0 buckler
rNeg    + + .        j - +0 ring mail
rPois   .            (no helmet)
rElec   .            (no cloak)
rCorr   .            (no gloves)
SInv    .            (no boots)
Will    .....        n - amulet of reflection Stlth
                     v - ring of protection from cold
HPRegen 0.30/turn    y - ring of positive energy
MPRegen 0.11/turn

%: reflection
@: confused, ambrosia-drunk, glowing
A: (nimble swimmer 2), mertail
a: Renounce Religion, Divine Shield


You were on level 6 of the Dungeon.
You worshipped the Shining One.
The Shining One was pleased with you.
You visited 1 branch of the dungeon, and saw 6 of its levels.

You collected 229 gold pieces.

Inventory:

Hand Weapons
 k - a +5 falchion (weapon)
Missiles
 A - 4 poisoned darts (quivered)
Armour
 j - a +0 ring mail (worn)
 q - a +0 buckler (worn)
Jewellery
 n - an amulet of reflection (around neck)
 v - a ring of protection from cold (left hand)
 y - a ring of positive energy (right hand)
Talismans
 t - a serpent talisman
Scrolls
 f - 5 scrolls of identify {unknown}
 g - 3 scrolls of teleportation {unknown}
 i - a scroll of enchant armour {unknown}
 l - 2 scrolls of immolation {unknown}
 s - 2 scrolls of poison {unknown}
 u - a scroll of brand weapon {unknown}
 w - a scroll of fog {unknown}
Potions
 e - 2 potions of might {unknown}
 h - a potion of degeneration {unknown}
 m - a potion of mutation {unknown}
 o - 3 potions of heal wounds {unknown}
 r - a potion of lignification {unknown}
 x - 2 potions of curing {unknown}
 z - a potion of berserk rage {unknown}


   Skills:
 - Level 5.0 Fighting
 - Level 10.0 Long Blades
 + Level 1.7 Armour
 - Level 5.0 Dodging
 + Level 2.3 Shields


You had 7 spell levels left.
You didn't know any spells.
Your spell library contained the following spells:

 Spells                   Type           Power      Damage    Failure   Level
 Apportation              Tloc           0%         N/A       77%         1
 Jinxbite                 Hex            0%         N/A       88%         2
 Ozocubu's Armour         Ice            0%         N/A       98%         3
 Alistair's Intoxication  Tmut/Pois      0%         N/A       100%        5
 Malign Gateway           Summ/Tloc      0%         N/A       100%        7
 Ozocubu's Refrigeration  Ice            0%         4d7       100%        7
 Summon Horrible Things   Summ           0%         N/A       100%        8


Dungeon Overview and Level Annotations

Branches:
Dungeon (6/15)
 Temple: D:4-7

Altars:
Hepliaklqana
Makhleb
The Shining One


Innate Abilities, Weirdness & Mutations

((You are very nimble when in or above water. (Stealth+, EV+, Speed+++)))
Your lower body shifts to a powerful aquatic tail in water.


Message History

You barely miss the water moccasin.
The water moccasin is heavily wounded.
The water moccasin barely misses you. The gnoll hits you with a +0 flail!
The gnoll closely misses you.
The water moccasin bites you but does no damage.
You hit the water moccasin.
The water moccasin is severely wounded.
You block the gnoll's attack. The gnoll barely misses you.
The water moccasin barely misses you.
You hit the water moccasin.
The water moccasin is almost dead.
The gnoll hits you with a +0 flail! You block the gnoll's attack.
The water moccasin bites you.
You closely miss the water moccasin.
The water moccasin is almost dead.
You block the water moccasin's attack. The gnoll misses you.
The gnoll hits you from afar with a +0 spear.
You are too injured to fight recklessly!
You are too injured to fight recklessly!
You are too injured to fight recklessly!
You are too injured to fight recklessly!
You are too injured to fight recklessly!
You fail to use your ability.
The water moccasin bites you but does no damage.
The gnoll hits you with a +0 flail.
The gnoll hits you from afar with a +0 spear.
You hit the water moccasin.
The water moccasin is almost dead.
The water moccasin bites you. The gnoll hits you with a +0 flail!
* * * LOW HITPOINT WARNING * * *
You block the gnoll's attack.
You barely miss the water moccasin.
The water moccasin is almost dead.
You block the water moccasin's attack. The water moccasin bites you.
* * * LOW HITPOINT WARNING * * *
You are confused.
You feel invigorated. The gnoll hits you with a +0 flail!
* * * LOW HITPOINT WARNING * * *
The gnoll completely misses you. The water moccasin bites you.
You die...

#...........##
##..........##
#............## .
###.............##.#.^.
.........(......#.#...
.#......#............
###...##..........#
##...#..|.......#
##g@..##.........### ##
#.S##..............# #.
#.g###.............. ##..
##...#...............
g.#...##...................#
#.g....#..##.......<....##..
#.......###...............#
#.........##........|......
............#...............


You could see a water moccasin and 2 gnolls.

Vanquished Creatures
  An ice beast (D:5)
  An ogre (D:5)
  2 phantoms
  A gnoll sergeant (D:5)
  2 scorpions (D:5)
  2 wights (D:5)
  4 orc priests
  A sleepcap (D:5)
  4 hounds
  2 iguanas (D:5)
  An orc wizard (D:6)
  5 adders
  A white imp (D:5)
  2 worms
  A dart slug (D:3)
  16 orcs
  4 endoplasms
  3 giant cockroaches
  2 goblins
  7 hobgoblins
  7 jackals (D:1)
  5 quokkas
  10 ball pythons
  A bat (D:1)
  3 frilled lizards
  7 kobolds
  7 rats
102 creatures vanquished.

Notes
Turn   | Place    | Note
-------+----------+-------------------------------------------
     0 | D:1      | Arzdou the Merfolk Monk began the quest for the Orb.
     0 | D:1      | Reached XP level 1. HP: 18/18 MP: 1/1
   106 | D:1      | Reached XP level 2. HP: 24/24 MP: 2/2
   200 | D:1      | Reached skill level 4 in Long Blades
   452 | D:1      | Reached XP level 3. HP: 30/30 MP: 3/3
  1287 | D:2      | Reached XP level 4. HP: 32/37 MP: 4/4
  1559 | D:3      | Reached skill level 5 in Dodging
  1743 | D:3      | Reached skill level 5 in Long Blades
  1743 | D:3      | Reached XP level 5. HP: 23/43 MP: 5/5
  2106 | D:3      | Reached skill level 5 in Fighting
  2609 | D:4      | Found a burning altar of Makhleb.
  2691 | D:4      | Reached skill level 6 in Long Blades
  2691 | D:4      | Reached XP level 6. HP: 47/51 MP: 6/6
  2784 | D:4      | Found a glowing golden altar of the Shining One.
  2794 | D:4      | Became a worshipper of the Shining One
  2794 | D:4      | Reached * piety under the Shining One
  2794 | D:4      | Reached ** piety under the Shining One
  3322 | D:5      | Entered Level 5 of the Dungeon
  3488 | D:5      | Found a hazy altar of Hepliaklqana.
  3519 | D:5      | Reached skill level 7 in Long Blades
  3699 | D:5      | Reached XP level 7. HP: 35/56 MP: 7/7
  3790 | D:5      | Reached skill level 8 in Long Blades
  4318 | D:5      | Reached skill level 9 in Long Blades
  4554 | D:5      | Reached skill level 10 in Long Blades
  4554 | D:5      | Reached XP level 8. HP: 30/62 MP: 5/8
  4773 | D:5      | Reached skill level 1 in Armour
  4773 | D:5      | Reached skill level 1 in Shields
  4953 | D:6      | HP: 2/62 [gnoll/+0 flail (10)]
  4953 | D:6      | Slain by a water moccasin

Illustrated notes

Levels and vault maps discovered:
D:1:      minmay_arrival_open_corners, layout_basic
D:2:      layout_basic
D:3:      layout_loops_cross
D:4:      layout_basic, mainiacjoe_overflow_boulevard,
          mainiacjoe_overflow_alcove_4, minitemple
D:5:      layout_basic, amcnicky_altar_gilded, serial_bayou,
          serial_bayou_ford_a, serial_bayou_pond_a, serial_bayou_lagoon_a,
          serial_bayou_shore_b, kennysheep_generic_room_16
D:6:      layout_cave_pools, minmay_temple_entry_nine_rooms,
          dreamdust_mushroom_princess, nicolae_zig_zag_zippers

Skill      XL: |  1  2  3  4  5  6  7  8 |
---------------+-------------------------+-----
Long Blades    | 4 5 6 7 10 | 10.0
Fighting       | 4 5 |  5.0
Dodging        | 5 |  5.0
Armour         | 1 |  1.7
Shields        | 2 |  2.3

Action                     |  1- 3 |  4- 6 |  7- 9 || total
---------------------------+-------+-------+-------++-------
  Melee: Falchion          |   109 |   152 |   130 ||   391
  Throw: Dart              |       |       |     1 ||     1
 Invoke: Divine Shield     |       |       |     1 ||     1
    Use: Potion            |       |       |     1 ||     1
 Armour: Robe              |    25 |       |       ||    25
         Ring mail         |    21 |    50 |    52 ||   123
  Dodge: Dodged            |    72 |    75 |    49 ||   196
  Block: Orb               |     8 |    13 |       ||    21
         Buckler           |       |    16 |    64 ||    80

Table legend: (Time is in decaauts)
 A = Elapsed time spent in this place.
 B = Non-inter-level travel time spent in this place.
 C = Inter-level travel time spent in this place.
 D = Time resting spent in this place.
 E = Time spent auto-exploring this place.
 F = Levels seen in this place.
 G = Mean time per level.
                   A        B        C        D        E       F      G
               +--------+--------+--------+--------+--------+-----+--------+
         Total |   4929 |   4785 |    144 |    425 |   3526 |   6 |  821.5 |
       Dungeon |   4929 |   4785 |    144 |    425 |   3526 |   6 |  821.5 |
               +--------+--------+--------+--------+--------+-----+--------+

Top non-repeatable levels by time:
     D:5: 1413 daAuts
     D:1: 942 daAuts
     D:3: 911 daAuts
     D:4: 784 daAuts
     D:2: 699 daAuts
     D:6: 179 daAuts
